 Dungeon Crawl Stone Soup version 0.23-a0-389-g4a5eb33 (webtiles) character file.

490 Loudmushroom the Skirmisher (level 7, -4/44 HPs)
             Began as a Gargoyle Fighter on Oct 29, 2018.
             Slain by Duvessa
             ... wielding a +0 short sword
              (6 damage)
             ... on level 4 of the Dungeon.
             The game lasted 00:16:07 (3725 turns).

Loudmushroom the Skirmisher (Gargoyle Fighter)      Turns: 3725, Time: 00:16:08

Health: -4/44      AC: 15    Str: 22    XL:     7   Next: 14%
Magic:  8/8        EV:  5    Int:  8    God:
Gold:   260        SH:  9    Dex:  9    Spells: 6/6 levels left

rFire    . . .     SeeInvis .   a - +0 war axe
rCold    . . .     Gourm    .   c - +0 shield
rNeg     + . .     Faith    .   n - +0 chain mail
rPois    ∞         Spirit   .   q - +0 helmet
rElec    +         Reflect  .   (no cloak)
rCorr    .         Harm     .   (no gloves)
MR       .....                  (no boots)
Stlth    ..........             (no amulet)
HPRegen  0.14/turn              (no ring)
MPRegen  0.11/turn              (no ring)

@: glowing
A: negative energy resistance 1, electricity resistance, unbreathing,
petrification resistance, rot immunity, AC +4
a: no special abilities


You were on level 4 of the Dungeon.
You were not hungry.

You visited 1 branch of the dungeon, and saw 4 of its levels.

You collected 260 gold pieces.

Inventory:

Hand Weapons
 a - a +0 war axe (weapon)
 b - a +0 hunting sling
 m - a +0 spear
 t - a +0 mace
 w - a +0 flail
Missiles
 k - 86 stones (quivered)
 l - 101 sling bullets
Armour
 c - a +0 shield (worn)
 n - a +0 chain mail (worn)
 q - a +0 helmet (worn)
Jewellery
 g - a cursed -3 ring of intelligence {unknown}
Wands
 o - a wand of iceblast (10)
Scrolls
 e - 4 scrolls of enchant weapon {unknown}
 h - 9 scrolls of identify {unknown}
 j - a scroll of blinking {unknown}
 r - a scroll of remove curse {unknown}
 s - a scroll of teleportation {unknown}
 u - a scroll of amnesia {unknown}
 y - a scroll of enchant armour {unknown}
Potions
 d - 4 potions of might
 i - a potion of mutation {unknown}
 p - 3 potions of curing {unknown}
 x - a potion of lignification {unknown}
 z - a potion of cancellation {unknown}
Comestibles
 f - 10 rations
 v - 2 chunks of flesh


   Skills:
 + Level 4.7 Fighting
 * Level 4.2 Axes
 + Level 4.7 Armour
 + Level 4.6 Shields
 + Level 1.7 Evocations


You had 6 spell levels left.
You didn't know any spells.
Your spell library was empty.

Dungeon Overview and Level Annotations

Branches:
Dungeon (4/15)
 Temple: D:4-7

Altars:
Fedhas
Trog
Uskayaw
Wu Jian

Annotations:
D:4 Duvessa


Innate Abilities, Weirdness & Mutations

You are resistant to torment.
Your stone body is resilient. (AC +4)
You are immune to poison.
You resist negative energy. (rN+)
You are resistant to electric shocks. (rElec)
You can survive without breathing.
You are immune to petrification.
You are immune to rotting.


Message History

You closely miss Duvessa.
Duvessa is severely wounded.
You hit the centaur skeleton but do no damage.
You block Duvessa's attack.
The centaur skeleton hits you but does no damage.
Duvessa hits you with a +0 short sword.
* * * LOW HITPOINT WARNING * * *
The centaur skeleton hits you but does no damage.
Your shield and chain mail prevent you from hitting Duvessa.
Duvessa is severely wounded.
You hit the centaur skeleton. Duvessa hits you but does no damage.
The centaur skeleton hits you but does no damage.
Duvessa hits you with a +0 short sword.
* * * LOW HITPOINT WARNING * * *
The centaur skeleton hits you.
* * * LOW HITPOINT WARNING * * *
You hit Duvessa but do no damage.
Duvessa is severely wounded.
You hit the centaur skeleton. Duvessa hits you with a +0 short sword.
You die...

#..... ..#....# ######.....
.#....#####...(...... . ........
+.......... .. #......
#.......... ...##....?
#.......).. ......... #........##
......)e######........##
......Z@..............##
........................ ...#
...................#.... ...#
........................ ...#
..#..................... ...# .
#.....................
...##############................
...................##..........#.
...................##.....#......


You could see Duvessa (berserk) and a centaur skeleton.

Vanquished Creatures
  A sky beast (D:3)
  A scorpion (D:4)
  Dowan (D:4)
  An orc priest (D:4)
  Jessica (D:2)
  An orc wizard (D:3)
  An iguana (D:4)
  A hound skeleton (D:4)
  Robin (D:2)
  A gnoll (D:1)
  4 adders
  3 worms
  3 dart slugs
  A leopard gecko (D:2)
  8 orcs
  5 giant cockroaches
  9 hobgoblins
  12 jackals
  8 kobolds
  2 ball pythons
  6 bats
  6 frilled lizards
  12 goblins
  13 rats
102 creatures vanquished.

Notes
Turn   | Place    | Note
-------+----------+-------------------------------------------
     0 | D:1      | Loudmushroom the Gargoyle Fighter began the quest for the
                  | Orb.
     0 | D:1      | Reached XP level 1. HP: 14/14 MP: 1/1
   105 | D:1      | Reached XP level 2. HP: 19/19 MP: 2/2
   185 | D:1      | Reached XP level 3. HP: 23/23 MP: 3/3
   876 | D:2      | Noticed Jessica
   909 | D:2      | Killed Jessica
   909 | D:2      | Reached XP level 4. HP: 8/29 MP: 4/4
  1219 | D:2      | Found a bloodstained altar of Trog.
  1434 | D:2      | Noticed Robin
  1451 | D:2      | Killed Robin
  1451 | D:2      | Reached XP level 5. HP: 29/33 MP: 5/5
  2074 | D:2      | Found a blossoming altar of Fedhas.
  2499 | D:3      | Noticed an ogre
  2531 | D:3      | Noticed a dagger
  2531 | D:3      | Noticed a dagger
  2533 | D:3      | Found a hide-covered altar of Uskayaw.
  2752 | D:3      | Noticed a sky beast
  2795 | D:3      | Killed a sky beast
  2795 | D:3      | Reached skill level 1 in Evocations
  2795 | D:3      | Reached XP level 6. HP: 29/39 MP: 6/6
  3029 | D:3      | Found an ornate altar of the Wu Jian Council.
  3529 | D:4      | Reached XP level 7. HP: 27/44 MP: 8/8
  3696 | D:4      | Noticed Dowan
  3697 | D:4      | Noticed Duvessa
  3714 | D:4      | Killed Dowan
  3724 | D:4      | HP: 2/44 [centaur skeleton (3)]
  3725 | D:4      | Slain by Duvessa

Vault maps used:
D:1:      lemuel_arrival_lava_pool
D:2:      lemuel_coloured_pillars_altar, nicolae_overflow_crystal_walls,
          first_ration, uniq_jessica, uniq_robin
D:3:      dancing_weapons_uskayaw, lemuel_doored_altar, lightli_corner_chamber
D:4:      uniq_duvessa

Skill      XL: |  1  2  3  4  5  6 |
---------------+-------------------+-----
Axes           | 2 3 4 |  4.2
Shields        | 4 |  4.6
Armour         | 4 |  4.7
Fighting       | 4 |  4.7
Evocations     | 1 |  1.7

Action                   |  1- 3 |  4- 6 |  7- 9 || total
-------------------------+-------+-------+-------++-------
Melee: War axe           |   125 |   299 |    27 ||   451
  Eat: Ration            |       |     1 |       ||     1
       Chunk             |       |     6 |     1 ||     7
Armor: Scale mail        |    79 |       |       ||    79
       Chain mail        |    19 |   224 |    22 ||   265
Dodge: Dodged            |    41 |    61 |     4 ||   106
Block: Shield            |   105 |   183 |    23 ||   311

Table legend:
 A = Non-vault XP
 B = Vault XP
 C = Vault XP percentage of total XP
 D = Non-vault monster count
 E = Vault monster count
 F = Vault count percentage of total count
                 A         B        C        D         E       F
            +---------+---------+-------+---------+---------+-------
      Total |     566 |     134 |  19.1 |      92 |      10 |   9.8
            +---------+---------+-------+---------+---------+-------
        D:1 |      68 |       0 |   0.0 |      33 |       0 |   0.0
        D:2 |      69 |      65 |  48.5 |      24 |       9 |  27.3
        D:3 |     221 |       0 |   0.0 |      22 |       0 |   0.0
        D:4 |     208 |      69 |  24.9 |      13 |       1 |   7.1
            +---------+---------+-------+---------+---------+-------
